 Dungeon Crawl Stone Soup version 0.31-a0-983-g7b6862f502 (webtiles) character file.

Game seed: 13227757120203781227

226519 Dirtsage the Fencer (level 18, -4/144 HPs)
             Began as a Demonspawn Fighter on Nov 2, 2023.
             Was the Champion of Makhleb.
             Killed from afar by a salamander tyrant (20 damage)
             ... on level 4 of the Snake Pit.
             The game lasted 01:29:02 (31416 turns).

Dirtsage the Fencer (Demonspawn Fighter)           Turns: 31416, Time: 01:29:03

Health: -4/144     AC: 29    Str: 21    XL:     18   Next: 65%
Magic:  0/48       EV: 15    Int: 12    God:    Makhleb [******]
Gold:   1603       SH: 15    Dex: 22    Spells: 22/28 levels left

rFire   + . .        M - +4 long sword of World's End {venom, Fly}
rCold   + . .        r - +1 kite shield
rNeg    + + .        F - +7 chain mail of Waexkor {rElec rPois Regen+ rCorr}
rPois   +            Z - +2 helmet {Int+3}
rElec   +            U - +0 cloak of the Tundras {MP+9}
rCorr   +            G - +0 pair of gloves {Str+3}
SInv    .            (boots unavailable)
Will    ++++.        P - amulet of the Four Winds {rN+ Will+++ Clar}
Stlth   x              - ring of Onluatyz {rF+ rN+ rCorr MP+9 Dex+2}
HPRegen 1.24/turn    I - ring of protection from cold
MPRegen 0.62/turn

%: clarity, guardian spirit
@: about to teleport, weakened, wereblooded, flying
A: hooves 3, thin metallic scales 3, ignite blood 2, magic shield, magic
regeneration
}: 1/15 runes: barnacled
a: Renounce Religion, Minor Destruction, Lesser Servant of Makhleb, Major
Destruction, Greater Servant of Makhleb


You were on level 4 of the Snake Pit.
You worshipped Makhleb.
Makhleb was exalted by your worship.
You visited 6 branches of the dungeon, and saw 31 of its levels.
You also visited: Bailey, Ice Cave and Volcano.

You collected 5004 gold pieces.
You spent 3401 gold pieces at shops.

Inventory:

Hand Weapons
 c - a +2 scimitar of protection
 M - the +4 long sword of World's End (weapon) {venom, Fly}
   (You found it on level 9 of the Dungeon)

   Fly:       It grants you flight.
Missiles
 C - 7 throwing nets
 J - 5 curare-tipped darts
Armour
 r - a +1 kite shield (worn)
 F - the +7 chain mail of Waexkor (worn) {rElec rPois Regen+ rCorr}
   (You found it on level 7 of the Dungeon)

   rElec:     It insulates you from electricity.
   rPois:     It protects you from poison Regen+: It increases your rate of
   health regeneration.
   rCorr:     It protects you from acid and corrosion.
 G - a +0 pair of gloves of strength (worn)
 U - the +0 cloak of the Tundras (worn) {MP+9}
   (You found it on level 15 of the Dungeon)

   MP+9:      It affects your magic capacity (+9).
 Z - a +2 helmet of intelligence (worn)
Jewellery
 m - an amulet of regeneration
 x - the ring of Onluatyz (left hand) {rF+ rN+ rCorr MP+9 Dex+2}
   (You bought it in a shop on level 5 of the Dungeon)

   [ring of resist corrosion]

   Dex+2:     It affects your dexterity (+2).
   rF+:       It protects you from fire.
   rN+:       It protects you from negative energy.
   MP+9:      It affects your magic capacity (+9).
   rCorr:     It protects you from acid and corrosion.
 I - a ring of protection from cold (right hand)
 P - the amulet of the Four Winds (around neck) {rN+ Will+++ Clar}
   (You bought it in a shop on level 15 of the Dungeon)

   [amulet of nothing]

   rN+:       It protects you from negative energy.
   Will+++:   It greatly increases your willpower.
   Clar:      It protects you from confusion, rage, mesmerisation and fear.
 S - a ring of see invisible
Wands
 D - a wand of digging (4)
 L - a wand of light (24)
 V - a wand of roots (7)
Scrolls
 a - 2 scrolls of butterflies
 e - a scroll of acquirement
 g - 2 scrolls of fear
 i - 8 scrolls of identify
 p - a scroll of torment
 s - 2 scrolls of silence
 t - 4 scrolls of teleportation
 u - 5 scrolls of noise
 w - 2 scrolls of immolation
 y - 3 scrolls of enchant weapon
 A - 5 scrolls of vulnerability
 B - 3 scrolls of blinking
 H - 3 scrolls of revelation
 Q - a scroll of fog
 R - 3 scrolls of amnesia
 W - 5 scrolls of enchant armour
Potions
 b - a potion of magic
 d - 5 potions of might
 f - 6 potions of invisibility
 h - 4 potions of haste
 j - 4 potions of berserk rage
 k - a potion of cancellation
 l - 4 potions of heal wounds
 n - 3 potions of resistance
 q - 14 potions of curing
 v - 7 potions of attraction
 z - a potion of ambrosia
 E - a potion of experience
 K - 7 potions of mutation
 N - 4 potions of enlightenment
 X - 3 potions of brilliance
 Y - 5 potions of lignification
Miscellaneous
 o - a lightning rod (4/4)
 O - a tin of tremorstones (2/2)
 T - a phial of floods


   Skills:
 + Level 13.6 Fighting
 + Level 17.3 Long Blades
 + Level 11.3 Armour
 + Level 10.8 Dodging
 + Level 12.2 Shields
 + Level 5.5 Spellcasting
 * Level 3.2 Translocations
 - Level 7.2 Transmutations
 * Level 3.0 Air Magic
 - Level 16.1 Invocations


You had 22 spell levels left.
You knew the following spells:

 Your Spells              Type           Power      Damage    Failure   Level
a - Wereblood             Tmut           20%        N/A       12%         2
b - Vhi's Electric Charg  Tloc/Air       20%        N/A       99%         4

Your spell library contained the following spells:

 Spells                   Type           Power      Damage    Failure   Level
 Passwall                 Tmut/Erth      10%        N/A       47%         2
 Lesser Beckoning         Tloc           22%        N/A       54%         2
 Shock                    Conj/Air       28%        1d4       63%         1
 Gell's Gravitas          Tloc           11%        N/A       77%         3
 Teleport Other           Tloc           11%        N/A       77%         3
 Swiftness                Air            10%        N/A       80%         3
 Slow                     Hex            12%        N/A       85%         1
 Ignite Poison            Fire/Tmut/Pois 9%         N/A       87%         3
 Ensorcelled Hibernation  Hex/Ice        6%         N/A       94%         2
 Sublimation of Blood     Necr           3%         N/A       94%         2
 Petrify                  Tmut/Erth      12%        N/A       98%         4
 Confusing Touch          Hex            3%         N/A       99%         3
 Frozen Ramparts          Ice            6%         1d1       99%         3
 Hailstorm                Conj/Ice       3%         3d3       99%         3
 Ozocubu's Armour         Ice            3%         N/A       99%         3
 Sigil of Binding         Hex            3%         N/A       99%         3
 Vampiric Draining        Necr           3%         2d6       99%         3
 Airstrike                Air            5%         2d(1-17)  99%         4
 Animate Dead             Necr           3%         N/A       100%        4
 Sticky Flame             Conj/Fire      3%         2d3       100%        4
 Summon Ice Beast         Ice/Summ       3%         N/A       100%        4
 Freezing Cloud           Conj/Ice/Air   2%         6-21      100%        5
 Iskenderun's Battlesphe  Conj           3%         2d6       100%        5
 Metabolic Englaciation   Hex/Ice        1%         N/A       100%        5
 Summon Mana Viper        Hex/Summ       3%         N/A       100%        5
 Bombard                  Conj/Erth      1%         9d1       100%        6
 Dispersal                Tloc           5%         N/A       100%        6
 Simulacrum               Ice/Necr       1%         N/A       100%        6
 Haunt                    Necr/Summ      1%         N/A       100%        7
 Monstrous Menagerie      Summ           1%         N/A       100%        7
 Ozocubu's Refrigeration  Ice            1%         4d7       100%        7
 Spellforged Servitor     Conj/Summ      1%         N/A       100%        7
 Summon Hydra             Summ           1%         N/A       100%        7
 Borgnjor's Revivificati  Necr           1%         N/A       100%        8
 Ignition                 Fire           1%         3d3       100%        8
 Infestation              Necr           1%         N/A       100%        8
 Death's Door             Necr           1%         N/A       100%        9
 Polar Vortex             Ice            1%         N/A       100%        9
 Shatter                  Erth           1%         3d6*      100%        9


Dungeon Overview and Level Annotations

Branches:
Dungeon (15/15)            Temple (1/1) D:4            Lair (5/5) D:11
 Shoals (4/4) Lair:3        Snake (4/4) Lair:3        Slime (0/5) Lair:5
    Orc (2/2) D:10            Elf (0/3) Orc:2        Vaults (0/5) D:13
 Depths (0/4) D:15         Bailey (visited)           IceCv (visited)
Volcano (visited)

Altars:
Ashenzari
Cheibriados
Dithmenos
Fedhas
Gozag
Hepliaklqana
Kikubaaqudgha
Makhleb
Nemelex Xobeh
Okawaru
Qazlal
Ru
Sif Muna
Trog
Uskayaw
Vehumet
Wu Jian
Xom
Yredelemnul
Jiyva
Lugonu

Shops:
D:2 (   D:4 [   D:5 =   D:8 (!:?*=   D:9 !   D:13 (   D:14 *   D:15 ?[([=
Orc:1 ([?   Orc:2 !?[=[   Shoals:3 (   Snake:2 :=:   Snake:4 *

Portals:
Abyss: Lair:5

Annotations:
D:10 exclusion: orange crystal statue


Innate Abilities, Weirdness & Mutations

You have hooves in place of feet.
You are completely covered in thin metallic scales. (AC +4, rElec)
Your demonic aura often causes spilled blood to erupt in flames.
When hurt, damage is shared between your health and your magic reserves.
You regenerate magic rapidly.


Message History

You take 8 damage, and have 11/144 hp.
You now have 4/48 mp.
You feel much better.
You howl as the wereblood boils in your veins!
You block the salamander's attack. The salamander closely misses you.
The salamander hits you from afar with a +3 trident.
* * * LOW HITPOINT WARNING * * *
You are engulfed in flames!
You resist.
* * * LOW HITPOINT WARNING * * *
The naga warrior hits you but does no damage.
The naga warrior grabs you. The naga warrior constricts you.
* * * LOW HITPOINT WARNING * * *
The salamander mystic hits you but does no damage.
You regained 18 hp, and now have 29/144 hp.
You now have 3/48 mp.
You hit the salamander mystic.
The salamander mystic looks as sick as possible!
Your kick misses the salamander mystic.
The salamander mystic is heavily wounded.
Your surroundings suddenly seem different.
Something loses its grip on you.
A naga, a salamander and 2 salamander tyrants come into view.
The salamander tyrant gazes fiercely through you!
You feel your attacks grow feeble.
You hear a shout! x2
You howl as the wereblood boils in your veins!
The naga spits poison at you. The splash of poison misses you.
The salamander tyrant gazes fiercely through you!
You feel as though you will be weak longer.
The salamander tyrant rends the earth beneath you!
The blast of magma engulfs you!! You partially resist.
* * * LOW HITPOINT WARNING * * *
A salamander comes into view.
You take 16 damage, and have 15/144 hp.
You now have 2/48 mp.
As you read the scroll of teleportation, it crumbles to dust.
You feel strangely unstable.
You hear a shout!
The salamander tyrant rends the earth beneath you!
The blast of magma engulfs you!! You partially resist.
You die...

##.....##...##
##.......##..#
##........##..# ##
##.........##.## #≈##
#...........###. ≈≈≈##
............##.N ≈≈≈≈≈#
............##.. #§§....
.............#.≈###≈≈N.≈≈≈
.#..........###≈@...§NN≈§≈
####........# ##≈..≈≈§≈§≈§
# ####....## ###≈≈§§§≈§§
#...## ###§.≈N§≈ #.###
.§≈§≈. ### #§§... ###.≈ ##


You could see 2 salamander tyrants, 2 salamanders and a naga.

Vanquished Creatures
  Mara (Shoals:4)
  Rupert (Lair:5)
  2 krakens
  Kirke (Lair:5)
  A storm dragon (D:15)
  The ghost of Dirtsage the Martial Artist, an adept OpSh of Wu Jian (D:15)
  The ghost of Anay the Bludgeoner, a journeyman FoFi of Zin (D:14)
  4 merfolk javelineers
  8 merfolk impalers
  A fire dragon (Volcano)
  4 entropy weavers (D:13)
  3 hydras
  An ice dragon (D:15)
  A catoblepas (D:15)
  10 centaur warriors
  2 ogre magi (Orc:2)
  A merfolk avatar (Shoals:4)
  3 alligator snapping turtles
  4 boulder beetles
  16 anacondas
  3 ghost crabs (D:13)
  4 satyrs
  15 naga warriors
  8 death yaks (D:11)
  7 merfolk aquamancers
  6 two-headed ogres
  2 tengu warriors
  A deep troll earth mage (D:15)
  3 shock serpents
  3 thrashing horrors (Lair:5)
  Nergalle (Lair:1)
  5 naga sharpshooters
  2 skysharks
  A hell knight (D:14)
  2 salamander mystics (Snake:4)
  5 fire crabs (D:13)
  24 sea snakes
  11 lindwurms
  2 orc knights
  2 bog bodies (IceCv)
  Pikel (D:4)
  5 naga ritualists
  A necromancer (D:13)
  28 harpies
  2 deep elf pyromancers
  A harpy (shapeshifter) (Lair:5)
  13 manticores
  7 mana vipers
  10 ugly things
  5 cyclopes
  An elephant (shapeshifter) (D:15)
  16 fauns
  5 orc sorcerers (Orc:2)
  3 oklob plants (Lair:5)
  7 salamanders
  9 elephants
  4 guardian serpents
  7 water nymphs
  An apocalypse crab (D:13)
  11 merfolk sirens
  An ice statue (IceCv)
  43 black mambas
  A torpor snail (Lair:5)
  6 cane toads
  14 naga magi
  An unseen horror (D:11)
  2 kobold demonologists
  17 rime drakes
  Psyche (D:9)
  8 komodo dragons
  A yaktaur (Shoals:2)
  An ice devil (IceCv)
  2 freezing wraiths
  A polar bear (Lair:4)
  7 wind drakes
  3 meliai (D:14)
  5 trolls
  33 merfolk
  A raiju (Lair:5)
  2 dream sheep (Shoals:1)
  22 blink frogs
  5 snapping turtles
  4 large abominations (Lair:5)
  9 small abominations (Lair:5)
  16 water elementals
  A vampire (D:13)
  4 dire elephant simulacra (IceCv)
  3 hogs (Lair:5)
  5 wyverns
  A ynoxinul (Lair:5)
  2 shadows (D:12)
  3 wraiths
  A human (Lair:5)
  31 yaks
  7 basilisks
  2 death yak simulacra (IceCv)
  8 vampire mosquitoes
  4 chaos spawn (Lair:5)
  14 steam dragons
  3 wargs
  36 nagas
  2 hell hounds (Volcano)
  3 acid dragons
  18 water moccasins
  20 orc warriors
  2 ice beasts (D:7)
  A sky beast (D:7)
  3 black bears
  11 ogres
  A boggart (D:15)
  9 wolves
  12 centaurs
  11 kobold brigands
  8 bullfrogs
  5 scorpions
  3 cane toad simulacra (IceCv)
  6 two-headed ogre simulacra (IceCv)
  3 wights (D:8)
  2 elephant simulacra (IceCv)
  2 howler monkeys
  7 electric eels
  2 jellies
  A gnoll bouda (D:4)
  16 orc priests
  2 sleepcaps (D:5)
  24 orc wizards
  4 iguanas
  2 polar bear simulacra (IceCv)
  9 spriggan simulacra (IceCv)
  4 troll simulacra (IceCv)
  Robin (D:3)
  6 gnolls
  6 adders
  4 naga simulacra (IceCv)
  A shadow imp (D:8)
  7 white imps
  10 ufetubi
  5 dart slugs
  72 orcs
  8 ball pythons
  11 bats
  6 endoplasms
  4 giant cockroaches
  17 goblins
  8 hobgoblins
  29 kobolds
  A quokka (D:1)
  A frilled lizard (D:1)
  9 tentacles
1040 creatures vanquished.

Vanquished Creatures (collateral kills)
  A tengu reaver (D:14)
  A fire giant (D:15)
  A fire dragon (D:15)
  A merfolk impaler (Shoals:3)
  A hydra (D:15)
  2 merfolk avatars (Shoals:4)
  An ogre mage (Orc:2)
  An anaconda (Snake:4)
  A shock serpent (Snake:2)
  A naga warrior (Snake:4)
  A mana viper (Snake:4)
  3 orc sorcerers (Orc:2)
  A moth of wrath (D:15)
  A guardian serpent (Snake:4)
  3 merfolk
  A hornet (D:14)
  A redback (D:15)
  A basilisk (D:14)
  2 vampire mosquitoes (D:15)
  5 nagas (Snake:4)
  An acid dragon (D:15)
  An ogre (Orc:2)
  7 orc wizards (Orc:2)
  An orc (Orc:2)
40 creatures vanquished.

Vanquished Creatures (others)
  26 tentacles
26 creatures vanquished.

Grand Total: 1106 creatures vanquished

Notes
Turn   | Place    | Note
-------+----------+-------------------------------------------
     0 | D:1      | Dirtsage the Demonspawn Fighter began the quest for the
                  | Orb.
     0 | D:1      | Reached XP level 1. HP: 18/18 MP: 1/1
    22 | D:1      | Reached skill level 2 in Long Blades
   117 | D:1      | Gained mutation: You are partially covered in thin metallic
                  | scales. (AC +2) [demonic ancestry]
   117 | D:1      | Reached XP level 2. HP: 22/24 MP: 2/2
   239 | D:1      | Reached skill level 3 in Long Blades
   336 | D:1      | Reached XP level 3. HP: 21/29 MP: 3/3
   894 | D:2      | Reached skill level 4 in Long Blades
   894 | D:2      | Gained mutation: You have large cloven feet. [demonic
                  | ancestry]
   894 | D:2      | Reached XP level 4. HP: 17/35 MP: 4/4
  1597 | D:2      | Found Tokulil's Antique Weapon Boutique.
  1955 | D:3      | Found an opulent altar of Gozag.
  2111 | D:3      | Identified the +2 robe of the Disbelieving Gods {rF- SInv
                  | Archmagi}
  2135 | D:3      | Identified the +10 ring mail of Duck's Teeth {rElec Will+}
  2547 | D:3      | Gained mutation: You regenerate magic rapidly. [demonic
                  | ancestry]
  2547 | D:3      | Reached XP level 5. HP: 41/41 MP: 5/5
  2571 | D:3      | Noticed Robin
  2578 | D:3      | Killed Robin
  2737 | D:3      | Reached skill level 5 in Long Blades
  2918 | D:4      | Gained mutation: Your demonic aura sometimes causes spilled
                  | blood to erupt in flames. [demonic ancestry]
  2918 | D:4      | Reached XP level 6. HP: 30/47 MP: 6/6
  2931 | D:4      | Reached skill level 6 in Long Blades
  2981 | D:4      | Found a shimmering blue altar of Sif Muna.
  3048 | D:4      | Found a staircase to the Ecumenical Temple.
  3055 | Temple   | Entered the Ecumenical Temple
  3136 | Temple   | Became a worshipper of Makhleb the Destroyer
  3270 | D:4      | Noticed Pikel
  3287 | D:4      | Killed Pikel
  3288 | D:4      | Reached skill level 7 in Long Blades
  3288 | D:4      | Reached XP level 7. HP: 53/53 MP: 6/9
  3582 | D:4      | Found Izaim's Armour Emporium.
  3929 | D:5      | Entered Level 5 of the Dungeon
  4010 | D:5      | Reached XP level 8. HP: 60/60 MP: 10/10
  4339 | D:5      | Found Estrop's Jewellery Shoppe.
  4511 | D:5      | Found a broken altar of Ashenzari.
  4874 | D:6      | You fall into a shaft and drop 3 floors!
  4880 | D:8      | Found Nankatal's Weapon Shop.
  4896 | D:8      | Reached * piety under Makhleb
  4897 | D:8      | Reached skill level 8 in Long Blades
  4929 | D:8      | Reached skill level 5 in Fighting
  4942 | D:8      | Reached skill level 5 in Invocations
  4997 | D:7      | Found a flagged portal.
  5009 | Bailey   | Entered a bailey
  5029 | Bailey   | Gained mutation: You have hoof-like feet. [demonic
                  | ancestry]
  5029 | Bailey   | Reached XP level 9. HP: 55/68 MP: 13/13
  5072 | Bailey   | Identified the +2 ring mail of Eternity {Str+4 Int-3}
  5081 | Bailey   | Noticed an orc knight
  5117 | Bailey   | Reached skill level 5 in Shields
  5143 | Bailey   | Reached ** piety under Makhleb
  5155 | Bailey   | Killed an orc knight
  5156 | Bailey   | Reached skill level 9 in Long Blades
  5197 | Bailey   | Found a bloodstained altar of Trog.
  5269 | D:7      | Identified a scroll of acquirement
  5269 | D:7      | Acquired 409 gold pieces
  5427 | D:5      | Bought the ring of Onluatyz {rF+ rN+ rCorr MP+9 Dex+2} for
                  | 613 gold pieces
  6008 | D:7      | Identified the +7 chain mail of Waexkor {rElec rPois Regen+
                  | rCorr}
  6116 | D:7      | Gained mutation: You are mostly covered in thin metallic
                  | scales. (AC +3) [demonic ancestry]
  6116 | D:7      | Reached XP level 10. HP: 76/77 MP: 15/15
  6235 | D:7      | Found a sparkling altar of Nemelex Xobeh.
  6244 | D:7      | Found a snail-covered altar of Cheibriados.
  6420 | D:4      | Bought a +0 pair of gloves of strength for 138 gold pieces
  7028 | D:8      | Found Teuri's Distillery.
  7031 | D:8      | Bought a potion of berserk rage for 70 gold pieces
  7031 | D:8      | Bought a potion of degeneration for 14 gold pieces
  7031 | D:8      | Bought a potion of might for 56 gold pieces
  7031 | D:8      | Bought a potion of attraction for 42 gold pieces
  7115 | D:8      | Found Denibe Balej's Jewellery Shop.
  7127 | D:8      | Found Omol's Lightly-Used Armoury.
  7142 | D:8      | Found Xoixecla's Book Shoppe.
  7190 | D:8      | Found Saerog's Magic Scroll Shoppe.
  7198 | D:8      | Bought a scroll of teleportation for 33 gold pieces
  7255 | D:9      | Noticed a two-headed ogre
  7379 | D:9      | Noticed Psyche
  7387 | D:9      | Killed Psyche
  7387 | D:9      | Reached *** piety under Makhleb
  7388 | D:9      | Reached skill level 1 in Dodging
  7627 | D:9      | Found Hissask's Distillery.
  7640 | D:9      | Reached skill level 10 in Long Blades
  7682 | D:9      | Identified the +4 long sword of World's End {venom, Fly}
  7935 | D:10     | Entered Level 10 of the Dungeon
  7935 | D:10     | Noticed an orange crystal statue
  7994 | D:10     | Identified the +2 dagger "Pemapekk" {freeze, Int+3 Dex+4}
  8057 | D:10     | Found a staircase to the Orcish Mines.
  8432 | D:10     | Identified the +6 scale mail of Honour {Dex+3}
  8493 | D:10     | Noticed a two-headed ogre
  8655 | D:11     | Found a staircase to the Lair.
  8655 | D:11     | Noticed a death yak
  8655 | D:11     | Noticed a death yak
  8655 | D:11     | Noticed a death yak
  8656 | D:11     | Noticed a death yak
  8656 | D:11     | Noticed a death yak
  8657 | D:11     | Noticed a death yak
  8657 | D:11     | Noticed a death yak
  8683 | D:11     | Noticed a death yak
  8684 | D:11     | Killed a death yak
  8696 | D:11     | Killed a death yak
  8704 | D:11     | Killed a death yak
  8709 | D:11     | Killed a death yak
  8710 | D:11     | Gained mutation: When hurt, damage is shared between your
                  | health and your magic reserves. [demonic ancestry]
  8710 | D:11     | Reached XP level 11. HP: 84/84 MP: 17/17
  8721 | D:11     | Killed a death yak
  8730 | D:11     | Killed a death yak
  8736 | D:11     | Killed a death yak
  8737 | D:11     | Reached skill level 11 in Long Blades
  8743 | D:11     | Killed a death yak
  9016 | D:11     | Reached **** piety under Makhleb
  9153 | D:11     | Reached skill level 5 in Armour
  9475 | Lair:1   | Entered Level 1 of the Lair of Beasts
  9475 | Lair:1   | Noticed a boulder beetle
  9505 | Lair:1   | Killed a boulder beetle
 10073 | Lair:1   | Gained mutation: Your demonic aura often causes spilled
                  | blood to erupt in flames. [demonic ancestry]
 10073 | Lair:1   | Reached XP level 12. HP: 94/94 MP: 19/19
 10217 | Lair:1   | Noticed Nergalle
 10225 | Lair:1   | Killed Nergalle
 10226 | Lair:1   | Reached skill level 10 in Invocations
 10510 | Lair:2   | Reached skill level 12 in Long Blades
 10677 | Lair:2   | Found the +3 robe of Clouds {*Thunder rCloud rElec}
 10684 | Lair:2   | Reached skill level 5 in Dodging
 11281 | Lair:3   | Found a staircase to the Shoals.
 11340 | Lair:3   | Found a dark tunnel.
 11351 | Volcano  | Entered a volcano
 11543 | Volcano  | Reached XP level 13. HP: 101/101 MP: 21/21
 11551 | Volcano  | Found the +2 cloak of the Thief {*Fog Slay-2 SInv Stlth+}
 11551 | Volcano  | Noticed a fire dragon
 11576 | Volcano  | Killed a fire dragon
 11986 | Lair:3   | Found a staircase to the Snake Pit.
 12055 | Lair:3   | Reached ***** piety under Makhleb
 12588 | Lair:4   | Reached skill level 13 in Long Blades
 12928 | Lair:4   | Reached skill level 10 in Fighting
 13288 | IceCv    | Identified the of Seit
 13288 | Lair:5   | Entered Level 5 of the Lair of Beasts
 13288 | Lair:5   | Found a frozen archway.
 13301 | IceCv    | Entered an ice cave
 14059 | IceCv    | Identified the +5 dire flail "Huuz" {heavy, *Noise rC+
                  | Int+3}
 14353 | Lair:5   | Found a staircase to the Slime Pits.
 14356 | Lair:5   | Found a viscous altar of Jiyva.
 14540 | Lair:5   | Gained mutation: You have hooves in place of feet. [demonic
                  | ancestry]
 14540 | Lair:5   | Reached XP level 14. HP: 106/111 MP: 23/23
 14759 | Lair:5   | Reached ****** piety under Makhleb
 14930 | Lair:5   | Reached skill level 14 in Long Blades
 15102 | Lair:5   | Found a corrupted altar of Lugonu.
 15102 | Lair:5   | Found a one-way gate to the infinite horrors of the Abyss.
 15183 | Lair:5   | Learned a level 2 spell: Wereblood
 15430 | Lair:5   | Noticed Kirke
 15441 | Lair:5   | Reached skill level 1 in Transmutations
 15449 | Lair:5   | Killed Kirke
 15482 | Lair:5   | Noticed Rupert
 15494 | Lair:5   | Killed Rupert
 15848 | Lair:5   | Identified the +0 scale mail of the Swamp {rPois rCorr
                  | Str+3 Slay-3}
 16095 | Orc:1    | Entered Level 1 of the Orcish Mines
 16190 | Orc:1    | Found Dauneth's Magic Scroll Boutique.
 16200 | Orc:1    | Bought a scroll of enchant weapon for 105 gold pieces
 16202 | Orc:1    | Found Huibax's Weapon Boutique.
 16398 | Orc:1    | Found Quefaese's Armour Emporium.
 16550 | Orc:2    | Entered Level 2 of the Orcish Mines
 16590 | Orc:2    | Found a staircase to the Elven Halls.
 16606 | Orc:2    | Paralysed by an orc sorcerer for 4 turns
 16618 | Orc:2    | Paralysed by an orc sorcerer for 4 turns
 16635 | Orc:2    | Paralysed by an ogre mage for 5 turns
 16793 | Orc:2    | Paralysed by an orc sorcerer for 5 turns
 16826 | Orc:2    | Found Erhumymp's Jewellery Shoppe.
 16876 | Orc:2    | Found a radiant altar of Vehumet.
 16894 | Orc:2    | Found Voyli's Magic Scroll Shoppe.
 16908 | Orc:2    | Found Ozoneo's Antique Armour Emporium.
 16930 | Orc:2    | Found Geckimob's Antique Armour Emporium.
 16956 | Orc:2    | Found an ancient bone altar of Kikubaaqudgha.
 16964 | Orc:2    | Bought a scroll of acquirement for 728 gold pieces
 16964 | Orc:2    | Acquired 749 gold pieces
 17064 | Orc:2    | Found Sedoibli's Distillery.
 17707 | D:12     | Found a gate leading to a gauntlet.
 18007 | D:12     | Reached XP level 15. HP: 118/118 MP: 24/24
 18061 | D:12     | Reached skill level 10 in Shields
 18395 | D:12     | Identified the +8 morningstar "Unule" {elec, Fragile rPois
                  | Str+3}
 18523 | D:13     | Found Rietzat's Weapon Shoppe.
 18594 | D:13     | Identified the +5 rapier "Fuadilue" {drain, Will- rCorr
                  | Int+5}
 18699 | D:13     | Found a runed translucent door.
 18712 | D:13     | Found a gate to the Vaults.
 19760 | D:14     | Found a runed translucent gate.
 19760 | D:14     | Found a runed translucent gate.
 19760 | D:14     | Found a runed translucent gate.
 19761 | D:14     | Found an opulent altar of Gozag.
 19761 | D:14     | Noticed Anay's ghost (journeyman FoFi)
 19762 | D:14     | Noticed a tengu reaver
 19763 | D:14     | Found Ottun's Assorted Antiques.
 19864 | D:14     | Reached skill level 5 in Transmutations
 20138 | D:14     | Reached skill level 15 in Long Blades
 20693 | D:15     | Entered Level 15 of the Dungeon
 20693 | D:15     | Found Vaeclobo's Armour Shop.
 20909 | D:15     | Found Ocleqig's Magic Scroll Emporium.
 20914 | D:15     | Bought a scroll of identify for 24 gold pieces
 20914 | D:15     | Bought a scroll of identify for 24 gold pieces
 20914 | D:15     | Bought a scroll of identify for 24 gold pieces
 20914 | D:15     | Bought a scroll of identify for 24 gold pieces
 20916 | D:15     | Bought a scroll of poison for 48 gold pieces
 20928 | D:15     | Found Tishruado's Armour Boutique.
 21122 | D:15     | Noticed Dirtsage's ghost (adept OpSh)
 21129 | D:15     | Noticed a storm dragon
 21137 | D:15     | Found a transporter.
 21167 | D:15     | Found a transporter.
 21172 | D:15     | Found Ymampa's Jewellery Shop.
 21179 | D:15     | Bought the amulet of the Four Winds {rN+ Will+++ Clar} for
                  | 667 gold pieces
 21179 | D:15     | Found the amulet of the Four Winds {rN+ Will+++ Clar}
 21326 | D:15     | Noticed a fire giant
 21339 | D:15     | Killed a fire giant
 21340 | D:15     | Found a staircase to the Depths.
 21433 | D:15     | Found Izevaun's Weapon Emporium.
 21559 | D:15     | Killed a storm dragon
 21582 | D:15     | Killed Dirtsage's ghost
 21596 | D:15     | Identified the +0 cloak of the Tundras {MP+9}
 21727 | D:14     | Killed a tengu reaver
 21733 | D:14     | Reached XP level 16. HP: 88/127 MP: 23/26
 21763 | D:14     | Killed Anay's ghost
 22022 | Shoals:1 | Entered Level 1 of the Shoals
 22691 | Shoals:1 | Noticed a kraken
 22707 | Shoals:1 | Killed a kraken
 23464 | Shoals:2 | Identified the +2 scale mail of the Buccaneer {rN+}
 23531 | Shoals:2 | Reached skill level 1 in Spellcasting
 23906 | Shoals:2 | Reached skill level 16 in Long Blades
 23985 | Shoals:2 | Reached skill level 10 in Armour
 24573 | Shoals:3 | Found Hadas's Weapon Shoppe.
 24599 | Shoals:3 | Reached skill level 15 in Invocations
 24894 | Shoals:3 | Gained mutation: You are completely covered in thin
                  | metallic scales. (AC +4, rElec) [demonic ancestry]
 24894 | Shoals:3 | Reached XP level 17. HP: 55/135 MP: 21/28
 25300 | Shoals:4 | Entered Level 4 of the Shoals
 25319 | Shoals:4 | Identified the +9 whip of Gloom {flame, +Blink rCorr Int-3}
 25622 | Shoals:4 | Found the +8 Wrath of Trog {antimagic, *Rage Rampage}
 25935 | Shoals:4 | Got a barnacled rune of Zot
 26271 | Shoals:4 | Noticed a kraken
 26403 | Shoals:4 | Noticed Mara
 26412 | Shoals:4 | Noticed Dirtsage's illusion
 26445 | Shoals:4 | Killed Mara
 26446 | Shoals:4 | Reached skill level 10 in Dodging
 26933 | Shoals:4 | Killed a kraken
 27105 | Snake:1  | Entered Level 1 of the Snake Pit
 28217 | Snake:1  | Reached skill level 17 in Long Blades
 28564 | Snake:2  | Reached XP level 18. HP: 57/143 MP: 14/29
 28979 | Snake:2  | Found a sacrificial altar of Ru.
 29233 | Snake:2  | Found Xuutenov's Book Shop.
 29233 | Snake:2  | Found Askop's Jewellery Shoppe.
 29234 | Snake:2  | Found Jaweummo's Book Shop.
 29244 | Snake:2  | Bought the Book of the Compass and the Mantle for 504 gold
                  | pieces
 29332 | Snake:2  | Learned a level 4 spell: Vhi's Electric Charge
 29393 | Snake:3  | Reached skill level 5 in Spellcasting
 29663 | Snake:3  | Reached skill level 1 in Translocations
 29663 | Snake:3  | Reached skill level 1 in Air Magic
 30440 | Snake:4  | Entered Level 4 of the Snake Pit
 31222 | Snake:4  | Found Beheb's Assorted Antiques.
 31263 | Snake:4  | Bought a potion of curing for 123 gold pieces
 31263 | Snake:4  | Bought a scroll of fear for 164 gold pieces
 31416 | Snake:4  | Killed from afar by a salamander tyrant

Illustrated notes

Levels and vault maps discovered:
D:1:      dpeg_arrival_solitude, layout_basic, dk_noncrumbling_3
D:2:      layout_basic, serial_shops, nicolae_shop_tiny_glass
D:3:      layout_loops_ring, nicolae_overflow_crystal_walls,
          nicolae_eternal_life, minivault_14, uniq_robin
D:4:      layout_basic, lemuel_doored_altar, minmay_temple_entry_hall,
          serial_shops, shop, uniq_pikel
D:5:      nicolae_BIG_FREAKIN_CUBE, layout_basic,
          mainiacjoe_overflow_small_starburst, serial_shops, shop
D:6:      old_forge, layout_gridville
D:7:      layout_loops_ring, mainiacjoe_overflow_swirl, enter_bailey_3,
          minmay_misc_feat_nine_boxes
D:8:      layout_loops_ring, serial_shops, nicolae_shop_pleasant_corner_grove,
          kennysheep_mini_moat, shop, kennysheep_mini, nicolae_shop_statue_plus,
          minmay_shop_damaged
D:9:      layout_irregular_city, serial_shops, nicolae_shop_advertising_works
          [nicolae_subvault_shop_adworks], uniq_psyche
D:10:     layout_gridville, david_orc_2, minivault_16
D:11:     layout_grid_maze, dpeg_lair_monsters, minivault_27, minivault_16
D:12:     layout_loops_ring, gauntlet_entry_generic
D:13:     gammafunk_mikee_crab_dinner, layout_cave_pools, david_vaults_1,
          serial_shops, nicolae_shop_gibbet_a_chance
D:14:     layout_gridville, ebering_ghost_gozag, serial_co_window_serial,
          co_window_paths_a, co_window_corner_a, co_window_paths_a,
          co_window_corner_a, co_window_corner_a, co_window_paths_b,
          co_window_corner_a, co_window_of_opportunity_c, co_window_broadway_b,
          co_window_corner_b, co_window_corner_cb, co_window_paths_d,
          glass_columns_a, glass_columns_c
D:15:     hellmonk_depths_entry_around_the_bend, layout_rooms,
          gammafunk_ghost_berserking_beasts, minivault_4, serial_shops,
          nicolae_shop_stone, shop, shop, nicolae_shop_scrapyard, shop
Temple:   minmay_crystal_spiral_temple
Lair:1:   layout_hall_layers, nicolae_lair_lil_pond, patterned_corridor,
          uniq_nergalle
Lair:2:   layout_roguey, minmay_lindwurm_lava, serial_bayou_shore_a
Lair:3:   layout_regular_city, minmay_shoals_entry_lonely_mermaid,
          minmay_snake_entry_six_corridors, nicolae_volcano_entry_two_sided,
          st_stairs_11, grunt_megastairs_5
Lair:4:   layout_roguey, bobbens_dragon_lair_wall, grunt_megastairs_2
Lair:5:   hellmonk_lair_end_abyssal_woods, layout_layer_cave,
          minmay_slime_entry_oklob_open, portal_ice_cave_rime, uniq_kirke,
          uniq_rupert
Shoals:1: cheibrodos_shoals_three_sisters, layout_shoals,
          nicolae_shoals_so_close
Shoals:2: layout_shoals, yaktaur_hedge
Shoals:3: layout_shoals, serial_shops, nicolae_shop_real_fake_doors,
          nicolae_shoals_circle_sea_wall
Shoals:4: shoals_end_grunt_garden, layout_shoals, uniq_mara
Snake:1:  layout_chambers
Snake:2:  layout_onion_interference, basic_altar, serial_bayou,
          serial_bayou_ford_a, serial_bayou_shore_b, serial_bayou_pond_e,
          serial_bayou_lagoon_a, serial_bayou_crossing, minmay_shop_grove,
          serial_bayou_shore_b
Snake:3:  layout_chambers, nicolae_snake_flat_spine, nicolae_triple_integral
Snake:4:  grunt_snake_rune_pools, layout_chambers, serial_shops, shop
Orc:1:    layout_caves, serial_shops, nicolae_shop_hallway_stairs, shop,
          nicolae_shop_just_a_little_nook
Orc:2:    kennysheep_orc_mage_school, layout_caves, serial_shops, shop,
          minmay_orc_temple_b

Skill      XL: |  1  2  3  4  5  6  7  8  9 10 11 12 13 14 15 16 17 18 |
---------------+-------------------------------------------------------+-----
Long Blades    | 2 3 4 5 7 8 9 10 11 12 13 14 15 16 17 | 17.3
Shields        | 3 4 5 6 7 8 9 10 11 12 | 12.2
Invocations    | 2 3 5 7 8 9 11 12 13 14 15 16 | 16.1
Fighting       | 4 5 6 7 8 9 10 11 12 13 | 13.6
Armour         | 4 5 6 7 8 9 10 11 | 11.3
Dodging        | 2 4 5 6 7 8 9 10 | 10.8
Transmutations | 3 6 7 |  7.2
Spellcasting   | 2 4 5 |  5.5
Translocations | 3 |  3.2
Air Magic      | 3 |  3.0

Action                     |  1- 3 |  4- 6 |  7- 9 | 10-12 | 13-15 | 16-18 || total
---------------------------+-------+-------+-------+-------+-------+-------++-------
  Melee: Long sword        |    70 |   172 |   175 |   488 |  1747 |  1486 ||  4138
         Kick              |       |    49 |    31 |       |   523 |   731 ||  1334
         Falchion          |       |       |   182 |   127 |    15 |       ||   324
  Throw: Dart              |       |       |       |       |       |     1 ||     1
   Cast: Wereblood         |       |       |       |       |     1 |    16 ||    17
 Invoke: Lesser Servant of |       |       |       |       |     4 |     2 ||     6
         Greater Servant o |       |       |       |       |     6 |     9 ||    15
  Evoke: Wand              |       |       |       |     2 |     2 |     6 ||    10
    Use: Scroll            |       |       |     3 |    11 |    15 |     6 ||    35
         Potion            |       |       |     1 |     1 |       |     3 ||     5
   Stab: Distracted        |       |       |       |       |     3 |     6 ||     9
         Invisible         |       |       |       |       |       |     1 ||     1
 Armour: Scale mail        |    51 |    21 |       |       |       |       ||    72
         Ring mail         |       |    89 |   319 |       |       |       ||   408
         Chain mail        |       |       |     5 |   547 |  1507 |  1387 ||  3446
  Dodge: Dodged            |    19 |    57 |   210 |   180 |   673 |   835 ||  1974
  Block: Buckler           |    16 |    42 |   105 |       |       |       ||   163
         Kite shield       |       |       |       |   342 |  1116 |  1395 ||  2853

Table legend: (Time is in decaauts)
 A = Elapsed time spent in this place.
 B = Non-inter-level travel time spent in this place.
 C = Inter-level travel time spent in this place.
 D = Time resting spent in this place.
 E = Time spent auto-exploring this place.
 F = Levels seen in this place.
 G = Mean time per level.
                   A        B        C        D        E       F      G
               +--------+--------+--------+--------+--------+-----+--------+
         Total |  30813 |  28611 |   2202 |    831 |  20826 |  34 |  906.3 |
       Dungeon |  13352 |  12031 |   1321 |    314 |   9334 |  15 |  890.1 |
        Temple |    162 |      2 |    160 |      0 |      0 |   1 |  162.0 |
          Lair |   5251 |   4958 |    293 |     67 |   3586 |   5 | 1050.2 |
        Shoals |   4851 |   4675 |    176 |    255 |   3049 |   4 | 1212.8 |
     Snake Pit |   4215 |   4051 |    164 |    155 |   3195 |   4 | 1053.8 |
  Orcish Mines |   1499 |   1412 |     87 |     11 |   1072 |   2 |  749.5 |
        Bailey |    242 |    242 |      0 |     25 |     81 |   1 |  242.0 |
      Ice Cave |    925 |    925 |      0 |      3 |    396 |   1 |  925.0 |
       Volcano |    312 |    312 |      0 |      0 |    112 |   1 |  312.0 |
               +--------+--------+--------+--------+--------+-----+--------+

Top non-repeatable levels by time:
  Lair:5: 1659 daAuts
 Snake:1: 1567 daAuts
Shoals:4: 1516 daAuts
    D:14: 1319 daAuts
Shoals:1: 1264 daAuts
     D:4: 1149 daAuts
Shoals:3: 1144 daAuts
    D:13: 1136 daAuts
  Lair:3: 1101 daAuts
 Snake:3: 1065 daAuts
     D:3: 1032 daAuts
   Orc:2: 1024 daAuts
     D:2: 1014 daAuts
    D:11: 997 daAuts
     D:5: 956 daAuts
